 Dungeon Crawl Stone Soup version 0.20-a0-495-g2241292 (webtiles) character file.

213 Duffy the Shield-Bearer (level 5, -1/45 HPs)
             Began as a Minotaur Fighter on Jan 18, 2017.
             Succumbed to Syneil's ghost's poison
             ... on level 4 of the Dungeon.
             The game lasted 00:01:07 (815 turns).

Duffy the Shield-Bearer (Minotaur Fighter)           Turns: 815, Time: 00:01:08

Health: -1/45      AC: 10    Str: 21    XL:     5   Next: 59%
Magic:  1/4        EV:  5    Int:  5    God:
Gold:   57         SH: 10    Dex: 10    Spells: 4/4 levels left

rFire    . . .     SeeInvis .   a - +0 war axe
rCold    . . .     Gourm    .   m - +0 chain mail
rNeg     . . .     Faith    .   c - +0 shield
rPois    .         Spirit   +   (helmet restricted)
rElec    .         Reflect  .   (no cloak)
rCorr    .         Harm     .   (no gloves)
MR       .....                  l - +0 pair of boots
Stlth    ..........             k - amulet of guardian spirit
Regen    0.2/turn               (no ring)
                                (no ring)

@: lethally poisoned (-1 -> -41), hasted, very quick
A: retaliatory headbutt, horns 2
a: no special abilities


You were on level 4 of the Dungeon.
You were not hungry.

You visited 1 branch of the dungeon, and saw 4 of its levels.

You collected 57 gold pieces.

Inventory:

Hand Weapons
 a - a +0 war axe (weapon)
Armour
 c - a +0 shield (worn)
 l - a +0 pair of boots (worn)
 m - a +0 chain mail (worn)
Jewellery
 k - an amulet of guardian spirit (around neck)
Scrolls
 b - a scroll of teleportation {unknown}
 e - a scroll of noise {unknown}
 h - a scroll of amnesia {unknown}
 j - a scroll of remove curse {unknown}
Potions
 d - a potion of might
Comestibles
 f - a bread ration
 g - 9 chunks of flesh


   Skills:
 - Level 3.6 Fighting
 + Level 5.2 Axes
 - Level 3.6 Armour
 + Level 6.0 Shields


You had 4 spell levels left.
You didn't know any spells.

Dungeon Overview and Level Annotations

Branches:
Dungeon (4/15)
 Temple: D:4-7

Altars:

Annotations:
D:4 Syneil's ghost, novice DECj


Innate Abilities, Weirdness & Mutations

You reflexively headbutt those who attack you in melee.
You have a pair of horns on your head.


Message History

Your shield and chain mail prevent you from hitting Syneil's ghost.
You headbutt Syneil's ghost.
Syneil's ghost is almost destroyed.
You feel very sick.
Syneil's ghost hits you but does no damage.
You are more poisoned.
Syneil's ghost barely misses you. You furiously retaliate!
You headbutt Syneil's ghost, but do no damage.
You hit Syneil's ghost but do no damage.
Syneil's ghost is almost destroyed.
You feel very sick. Syneil's ghost hits you.
You are more poisoned.
You closely miss Syneil's ghost.
Syneil's ghost is almost destroyed.
You feel very sick.
Syneil's ghost hits you but does no damage.
You are more poisoned.
It was a potion of haste.
You feel yourself speed up.
You die...

######
#..#.####### #
#))#........ #
#%.#.#######
#..[........ #
#.##.#######
###### #.##.#
.....#
#..#.########
####.#
####.#W........ #
#.#
####.....@########
####.# #.........#
.....# #.##.##.###
###### #.##.##.#
..### #.##.##.#
....# #.##.##.#
..#.####.##....#
...............#
##############.#


You could see Syneil's ghost.

Vanquished Creatures
  Blork the orc (D:4)
  An orc priest (D:3)
  2 orc wizards (D:4)
  3 adders
  A worm (D:4)
  A leopard gecko (D:4)
  4 orcs
  3 giant cockroaches
  2 goblins
  2 jackals (D:4)
  4 kobolds (D:3)
  A frilled lizard (D:4)
  3 rats
28 creatures vanquished.

Notes
Turn   | Place    | Note
-------+----------+-------------------------------------------
     0 | D:1      | Duffy the Minotaur Fighter began the quest for the Orb.
     0 | D:1      | Reached XP level 1. HP: 19/19 MP: 0/0
   127 | D:2      | Reached skill level 4 in Shields
   127 | D:2      | Reached XP level 2. HP: 25/26 MP: 1/1
   285 | D:3      | Reached XP level 3. HP: 23/31 MP: 2/2
   422 | D:4      | Reached skill level 5 in Shields
   422 | D:4      | Reached XP level 4. HP: 39/39 MP: 3/3
   427 | D:4      | Noticed Blork the orc
   439 | D:4      | Killed Blork the orc
   439 | D:4      | Reached XP level 5. HP: 29/45 MP: 2/4
   601 | D:4      | Reached skill level 5 in Axes
   689 | D:4      | Noticed Syneil's ghost (novice DECj)
   753 | D:3      | Reached skill level 6 in Shields
   814 | D:4      | HP: 2/45 [poisoned by Syneil's ghost]
   815 | D:4      | Succumbed to Syneil's ghost's poison

Vault maps used:
D:1:      lemuel_arrival_behind_the_door_large
D:2:      serial_glass, glass_columns_a, glass_columns_b, uniq_robin
D:3:      amethyst_killhole, st_stairs_10
D:4:      first_bread, st_stairs_14, uniq_grinder, uniq_blork_the_orc

Skill      XL: |  1  2  3  4  5 |
---------------+----------------+-----
Axes           | 3 4 5 |  5.2
Shields        | 4 5 6 |  6.0
Fighting       | |  3.6
Armour         | |  3.6

Action                   |  1- 3 |  4- 6 || total
-------------------------+-------+-------++-------
Melee: War axe           |    40 |    63 ||   103
       Headbutt          |     4 |    12 ||    16
  Use: Potion            |       |     1 ||     1
Armor: Scale mail        |    17 |       ||    17
       Chain mail        |     8 |    34 ||    42
Dodge: Dodged            |     4 |    10 ||    14
Block: Shield            |    22 |    37 ||    59
